 Dungeon Crawl Stone Soup version 0.29.1-1-gd02db6906a (webtiles) character file.

Game seed: 7125064562987680892

18 Aibolit the Grasshopper (level 2, 0/15 HPs)
             Began as a Spriggan Warper on Oct 7, 2022.
             Succumbed to an adder's poison
             ... on level 2 of the Dungeon.
             The game lasted 00:02:18 (1402 turns).

Aibolit the Grasshopper (Spriggan Warper)           Turns: 1402, Time: 00:02:19

Health: 0/15       AC:  2    Str:  7    XL:     2   Next: 48%
Magic:  5/7        EV: 17    Int: 14    God:
Gold:   52         SH:  0    Dex: 14    Spells: 5/7 levels left

rFire   . . .      SeeInvis +   e - +0 sling
rCold   . . .      Faith    .   (no shield)
rNeg    . . .      Spirit   .   b - +0 robe
rPois   .          Reflect  .   (helmet restricted)
rElec   .          Harm     .   (no cloak)
rCorr   .          Rampage  .   (gloves unavailable)
Will    .....                   (boots unavailable)
Stlth   +.........              (no amulet)
HPRegen 0.05/turn               h - ring of wizardry
MPRegen 0.10/turn               (no ring)

@: lethally poisoned (0 -> -8), on blink cooldown, very quick
A: very small, no large weapons, unfitting armour, see invisible, speed 3
a: no special abilities


You were on level 2 of the Dungeon.
You visited 1 branch of the dungeon, and saw 2 of its levels.

You collected 52 gold pieces.

Inventory:

Hand Weapons
 e - a +0 sling (weapon)
Missiles
 d - 5 boomerangs of dispersal
Armour
 b - a +0 robe (worn)
Jewellery
 h - a ring of wizardry (left hand)
Scrolls
 a - a scroll of teleportation {unknown}
 c - a scroll of blinking
 f - a scroll of summoning {unknown}
 k - a scroll of identify {unknown}
 m - a scroll of amnesia {unknown}
Potions
 g - a potion of degeneration {unknown}
 i - a potion of mutation {unknown}
 j - 2 potions of curing {unknown}
 l - a potion of lignification {unknown}


   Skills:
 + Level 1.8 Fighting
 - Level 2.2 Short Blades
 + Level 0.5 Ranged Weapons
 - Level 1.0 Throwing
 + Level 3.5 Dodging
 + Level 3.0 Spellcasting
 + Level 4.7 Translocations


You had 5 spell levels left.
You knew the following spells:

 Your Spells              Type           Power      Damage    Failure   Level
a - Blink                 Tloc           30%        N/A       1%          2

Your spell library contained the following spells:

 Spells                   Type           Power      Damage    Failure   Level
 Gell's Gravitas          Tloc           15%        N/A       4%          3
 Lesser Beckoning         Tloc           15%        N/A       4%          3
 Teleport Other           Tloc           15%        N/A       4%          3
 Beastly Appendage        Tmut           4%         N/A       9%          1
 Summon Small Mammal      Summ           8%         N/A       9%          1
 Wereblood                Tmut           2%         N/A       13%         2
 Spider Form              Tmut/Pois      2%         N/A       26%         3
 Manifold Assault         Tloc           15%        N/A       32%         5


Dungeon Overview and Level Annotations

Branches:
Dungeon (2/15)

Altars:


Innate Abilities, Weirdness & Mutations

You are very small and have problems with some larger weapons.
You are too small for most types of armour.
You have supernaturally acute eyesight. (SInv)
You cover ground extremely quickly. (Speed+++)


Message History

The sling bullet hits the adder but does no damage.
The adder is moderately wounded.
The adder closely misses you. The adder completely misses you.
You shoot a sling bullet.
The sling bullet closely misses the adder.
The adder misses you. The adder completely misses you.
You shoot a sling bullet.
The sling bullet barely misses the adder.
The adder barely misses you. x2
You shoot a sling bullet.
The sling bullet barely misses the adder.
The adder closely misses you.
You shoot a sling bullet. The sling bullet hits the adder.
The adder is moderately wounded.
The adder closely misses you. The adder misses you.
You shoot a sling bullet. The sling bullet misses the adder.
The adder barely misses you. The adder bites you.
You shoot a sling bullet. The sling bullet hits the adder.
The adder is heavily wounded.
The adder bites you but does no damage. The adder bites you.
You shoot a sling bullet.
The sling bullet closely misses the adder.
The adder bites you.
You are poisoned.
The adder poisons you! The adder bites you.
You shoot a sling bullet.
The sling bullet completely misses the adder.
You feel very sick. The adder bites you.
* * * LOW HITPOINT WARNING * * *
You are more poisoned.
The adder poisons you!
* * * LOW HITPOINT WARNING * * *
You feel sick.
Casting: Blink (safe; 1% risk of failure)
Press: ? - help, Q - select action, (/) - cycle Dir - look around, f - activate You blink.
* * * LOW HITPOINT WARNING * * *
You feel sick.
You die...

###### # #....###. #.##.##P.
######### #.#..##PP
#.......# #####.#..##PP
#.......###.........#..
#.....@.............#..
#........##............
######.§S.....####.#+#####.#
#.............# #.#.#......
♣......###....+ #.#.#...#..
~~♣.....#
##...#(##.#..).....
~~~.....+ +..........<......
~~♣♣....# #...#.##.#........
~ ♣...†. ..###.#......####.


You could see an adder.

Vanquished Creatures
  2 ball pythons (D:1)
  2 bats (D:1)
  2 endoplasms
  3 giant cockroaches (D:1)
  2 goblins
  A hobgoblin (D:1)
  2 frilled lizards (D:1)
  3 rats
17 creatures vanquished.

Notes
Turn   | Place    | Note
-------+----------+-------------------------------------------
     0 | D:1      | Aibolit the Spriggan Warper began the quest for the Orb.
     0 | D:1      | Reached XP level 1. HP: 10/10 MP: 5/5
   419 | D:1      | Reached XP level 2. HP: 15/15 MP: 6/6
   767 | D:1      | Found a faded altar of an unknown god.
   775 | D:1      | Got Plato's Handbook of the Swarm
   779 | D:1      | Learned a level 2 spell: Blink
  1402 | D:2      | Succumbed to an adder's poison

Illustrated notes

Levels and vault maps discovered:
D:1:      ebering_trefoil_3fold, layout_basic,
          shapermc_ecumenical_altar_rom_forum
D:2:      layout_basic, serial_bayou, serial_bayou_ford_a, serial_bayou_pond_b,
          serial_bayou_pond_e, serial_bayou_pond_a, serial_bayou_pond_c,
          serial_bayou_pond_d, basic_altar

Skill      XL: |  1  2 |
---------------+-------+-----
Spellcasting   | 3 |  3.0
Fighting       | |  1.8
Short Blades   | |  2.2
Ranged Weapons | |  0.5
Throwing       | |  1.0
Dodging        | |  3.5
Translocations | |  4.7

Action                   || total
-------------------------++-------
Melee: Short sword       ||    17
 Fire: Sling             ||    58
Throw: Boomerang         ||     2
 Cast: Blink             ||     3
  Use: Scroll            ||     1
Armor: Robe              ||     6
Dodge: Dodged            ||    48
